 Dungeon Crawl Stone Soup version 0.30-a0-458-g86641cc369 (webtiles) character file.

Game seed: 12737345351942688201

77 cforsyth the Shield-Bearer (level 4, 0/44 HPs)
             Began as a Troll Fighter on Dec 15, 2022.
             Succumbed to an orc wizard's poison
             ... on level 4 of the Dungeon.
             The game lasted 00:01:38 (919 turns).

cforsyth the Shield-Bearer (Troll Fighter)           Turns: 919, Time: 00:01:38

Health: 0/44       AC:  4    Str: 24    XL:     4   Next: 13%
Magic:  3/3        EV:  8    Int:  6    God:
Gold:   101        SH:  7    Dex:  9    Spells: 3/3 levels left

rFire   . . .      SeeInvis .      - Unarmed
rCold   . . .      Faith    .    b - +0 kite shield
rNeg    . . .      Spirit   .    a - +0 robe
rPois   .          Reflect  .    (helmet restricted)
rElec   .          Harm     .    (no cloak)
rCorr   .          Rampage  .    (gloves unavailable)
Will    .....                    (boots unavailable)
Stlth   +.........               (no amulet)
HPRegen 1.07/turn                (no ring)
MPRegen 0.08/turn                (no ring)

@: lethally poisoned (0 -> -17)
A: large, unfitting armour, claws 3, regeneration 1, shaggy fur 1, tough skin 1
a: no special abilities


You were on level 4 of the Dungeon.
You visited 1 branch of the dungeon, and saw 3 of its levels.

You collected 101 gold pieces.

Inventory:

Armour
 a - a +0 robe (worn)
 b - a +0 kite shield (worn)
Jewellery
 i - a ring of protection from cold
Scrolls
 d - 4 scrolls of identify {unknown}
 e - a scroll of enchant armour {unknown}
 h - a scroll of teleportation {unknown}
 j - a scroll of poison {unknown}
 k - 2 scrolls of torment {unknown}
 l - a scroll of silence {unknown}
 n - a scroll of vulnerability {unknown}
Potions
 c - a potion of might
 f - a potion of curing {unknown}
 g - a potion of haste {unknown}
 m - 2 potions of brilliance {unknown}


   Skills:
 + Level 2.9 Fighting
 + Level 2.9 Dodging
 + Level 3.2 Shields
 + Level 2.7 Unarmed Combat


You had 3 spell levels left.
You didn't know any spells.
Your spell library was empty.

Dungeon Overview and Level Annotations

Branches:
Dungeon (2/15)

Altars:


Innate Abilities, Weirdness & Mutations

You are too large for most types of armour.
You have claws for hands.
Your natural rate of healing is unusually fast.
You are covered in fur. (AC +1)
You have tough skin. (AC +1)


Message History

a +0 dagger; a +0 robe; an orc corpse Deactivating autopickup; reactivate with Ctrl-A.
You scratch something. Something hits you but does no damage.
You miss something. Something completely misses you.
You scratch something. Something hits you but does no damage.
You are poisoned.
You closely miss something.
You feel very sick. Something hits you.
You are more poisoned.
You closely miss something.
You feel very sick. Something hits you.
You are more poisoned.
Something hits you but does no damage.
You miss something.
You feel very sick. Something hits you.
You scratch something but do no damage.
You feel very sick.
You hear some strange, mumbled words.
A puff of flame appears from out of thin air!
The puff of flame hits you.
You miss something.
You feel very sick. Something hits you but does no damage.
You are more poisoned.
You scratch something.
* * * LOW HITPOINT WARNING * * *
You feel very sick. Something hits you but does no damage.
You are lethally poisoned!
You scratch something.
* * * LOW HITPOINT WARNING * * *
You feel extremely sick. Something hits you.
* * * LOW HITPOINT WARNING * * *
You are more poisoned.
You miss something.
You die...

#.........+
#.........#
######'###### #
#..........#
#.#.######.# #
#.#.# #.#+#..
#.#.. ......#
#.#######......+
#..@{)...).....#
#########......#
{###### o# o# .#
.# .#


There were no monsters in sight!

Vanquished Creatures
  2 adders (D:2)
  A dart slug (D:1)
  2 orcs (D:4)
  An endoplasm (D:1)
  3 giant cockroaches
  2 goblins (D:1)
  3 hobgoblins
  7 jackals
  2 kobolds
  A quokka (D:2)
  2 ball pythons
  2 bats
  A frilled lizard (D:1)
  3 rats (D:2)
32 creatures vanquished.

Vanquished Creatures (others)
  An orc wizard (D:4)
  2 demonic plants (D:1)
  2 withered plants (D:1)
5 creatures vanquished.

Grand Total: 37 creatures vanquished

Notes
Turn   | Place    | Note
-------+----------+-------------------------------------------
     0 | D:1      | cforsyth the Troll Fighter began the quest for the Orb.
     0 | D:1      | Reached XP level 1. HP: 22/22 MP: 0/0
    54 | D:1      | Found a faded altar of an unknown god.
   234 | D:1      | Reached XP level 2. HP: 20/29 MP: 1/1
   475 | D:1      | Reached skill level 3 in Shields
   789 | D:2      | Reached XP level 3. HP: 36/36 MP: 2/2
   839 | D:2      | You fall into a shaft and drop 2 floors!
   908 | D:4      | Reached XP level 4. HP: 43/44 MP: 3/3
   919 | D:4      | Succumbed to an orc wizard's poison

Illustrated notes

Levels and vault maps discovered:
D:1:      wander_arrival_desolate, layout_basic, shapermc_ecumenical_altar_gd,
          minmay_misc_feat_columns
D:2:      layout_basic
D:4:      layout_basic, nicolae_overflow_squiral

Skill      XL: |  1  2 |
---------------+-------+-----
Shields        | 3 |  3.2
Fighting       | |  2.9
Dodging        | |  2.9
Unarmed Combat | |  2.7

Action                   |  1- 3 |  4- 6 || total
-------------------------+-------+-------++-------
Melee: Unarmed           |   121 |    11 ||   132
 Stab: Sleeping          |     1 |       ||     1
Armor: Robe              |    34 |     5 ||    39
Dodge: Dodged            |    40 |     1 ||    41
Block: Kite shield       |    35 |       ||    35

Table legend: (Time is in decaauts)
 A = Elapsed time spent in this place.
 B = Non-inter-level travel time spent in this place.
 C = Inter-level travel time spent in this place.
 D = Time resting spent in this place.
 E = Time spent auto-exploring this place.
 F = Levels seen in this place.
 G = Mean time per level.
                   A        B        C        D        E       F      G
               +--------+--------+--------+--------+--------+-----+--------+
         Total |    930 |    917 |     13 |      0 |    661 |   3 |  310.0 |
       Dungeon |    930 |    917 |     13 |      0 |    661 |   3 |  310.0 |
               +--------+--------+--------+--------+--------+-----+--------+

Top non-repeatable levels by time:
     D:1: 573 daAuts
     D:2: 274 daAuts
     D:4: 82 daAuts
